 Dungeon Crawl Stone Soup version 0.31-a0-198-g2ad674f65e (webtiles) character file.

Game seed: 12786844712336581013

213 qw the Skirmisher (level 5, -5/29 HPs)
             Began as a Deep Elf Hunter on June 25, 2023.
             Slain by Eustachio
             ... wielding a +0 falchion
              (10 damage)
             ... on level 4 of the Dungeon.
             The game lasted 00:01:01 (2223 turns).

qw the Skirmisher (Deep Elf Hunter)                 Turns: 2223, Time: 00:01:01

Health: -5/29      AC:  4    Str: 10    XL:     5   Next: 59%
Magic:  0/7        EV: 12    Int: 14    God:
Gold:   157        SH:  0    Dex: 18    Spells: 4/4 levels left

rFire   . . .        Y - +0 shortbow
rCold   . . .        (shield currently unavailable)
rNeg    + . .        c - +0 leather armour
rPois   .            (no helmet)
rElec   .            (no cloak)
rCorr   .            (no gloves)
SInv    .            d - +0 pair of boots
Will    .....        l - amulet of guardian spirit
Stlth   ++           f - ring of positive energy
HPRegen 1.04/turn    (no ring)
MPRegen 0.10/turn

%: guardian spirit
@: no status effects
A: regeneration 1
a: no special abilities


You were on level 4 of the Dungeon.
You visited 1 branch of the dungeon, and saw 4 of its levels.

You collected 157 gold pieces.


Innate Abilities, Weirdness & Mutations

Your natural rate of healing is unusually fast.


   Skills:
 - Level 1.5 Fighting
 - Level 9.1 Ranged Weapons
 + Level 2.4 Dodging
 - Level 1.2 Stealth


You had 4 spell levels left.
You didn't know any spells.
Your spell library was empty.

Inventory:

Hand Weapons
 Y - a +0 shortbow (weapon)
Armour
 c - a +0 leather armour (worn)
 d - a +0 pair of boots (worn)
Jewellery
 f - a ring of positive energy (left hand)
 l - an amulet of guardian spirit (around neck)
Scrolls
 a - a scroll of identify
Potions
 e - a potion of mutation
 g - a potion of cancellation
 h - a potion of curing
 i - a potion of lignification {unknown}
 k - a potion of degeneration {unknown}

Dungeon Overview and Level Annotations

Branches:
Dungeon (4/15)
 Temple: D:4-7

Altars:
Fedhas
Hepliaklqana

Shops:
D:2 [

Annotations:
D:4 Eustachio


Message History

The bullfrog hits you but does no damage.
Eustachio gestures wildly while chanting.
You shoot an arrow. The arrow hits the bullfrog.
The bullfrog is heavily wounded.
The bullfrog barely misses you. The bullfrog closely misses you.
You shoot an arrow.
The arrow hits the bullfrog but does no damage.
The bullfrog is heavily wounded.
You hear the slow hiss of a distant avalanche of sand.
The bullfrog closely misses you.
You shoot an arrow. The arrow barely misses the bullfrog.
The arrow hits the river rat but does no damage.
The bullfrog closely misses you. The bullfrog barely misses you.
You shoot an arrow. The arrow hits the bullfrog.
The bullfrog is severely wounded.
The bullfrog hits you.
You shoot an arrow. The arrow hits the bullfrog!
You kill the bullfrog!
The bat hits you but does no damage.
Your Ranged Weapons skill increases to level 9!
You shoot an arrow. The arrow hits Eustachio.
Eustachio is lightly wounded.
Eustachio zaps a wand.
The puff of flame hits you!
You shoot an arrow. The arrow hits Eustachio.
Eustachio is moderately wounded.
Eustachio zaps a wand.
The puff of flame hits you!
You shoot an arrow. The arrow closely misses Eustachio.
The arrow hits the river rat but does no damage.
Eustachio hits you with a +0 falchion.
You shoot an arrow. The arrow barely misses Eustachio.
The arrow hits the river rat.
The river rat is heavily wounded.
Eustachio hits you with a +0 falchion!
You shoot an arrow. The arrow hits Eustachio.
Eustachio is moderately wounded.
Eustachio zaps a wand.
The puff of flame misses you.
You shoot an arrow. The arrow hits Eustachio!
Eustachio is severely wounded.
Eustachio hits you with a +0 falchion!
You die...

###...7.....#
........##..#
.>....####./#
....####....#
)7%## #.##.#
.)%.####.##.#####
.<....###.......#
..).....##.####.##
###...7....# #.@#
##...#..# ##@#
#.##..#


br. #.....# ..... ##.## .8...8. #. .#...!.#. ...8...8... +.....(.....+ You could
see Eustachio, a river rat (summoned) and a bat (summoned).

Vanquished Creatures
  A bullfrog (D:4)
  A gnoll (D:3)
  5 adders
  A worm (D:2)
  2 dart slugs (D:2)
  2 orcs
  8 ball pythons
  8 endoplasms
  4 giant cockroaches
  7 goblins
  14 hobgoblins
  10 kobolds
  A quokka (D:2)
  6 bats
  5 frilled lizards (D:1)
  11 rats
86 creatures vanquished.

Notes
Turn   | Place    | Note
-------+----------+-------------------------------------------
     0 | D:1      | qw the Deep Elf Hunter began the quest for the Orb.
     0 | D:1      | Reached XP level 1. HP: 12/12 MP: 3/3
     0 | D:1      | 0 ||| qw: Version: 0.3-a-22-g0ed2b0b
     0 | D:1      | 0 ||| qw: Game counter: 5418
     0 | D:1      | 0 ||| qw: Melee chars always use a shield: true
     0 | D:1      | 0 ||| qw: God list: Okawaru
     0 | D:1      | 0 ||| qw: Allow faded altars: false
     0 | D:1      | 0 ||| qw: Do Orc after clearing Dungeon:15 true
     0 | D:1      | 0 ||| qw: Do second Lair branch before Depths: true
     0 | D:1      | 0 ||| qw: Lair rune preference: random
     0 | D:1      | 0 ||| qw: Goals: Normal
     0 | D:1      | 0 ||| PLANNING D:1-11
    60 | D:1      | Reached XP level 2. HP: 16/16 MP: 4/4
    65 | D:1      | Reached skill level 6 in Ranged Weapons
   268 | D:1      | Reached XP level 3. HP: 18/20 MP: 5/5
   651 | D:1      | 651 ||| READING 3 scrolls labelled HURPHEODGHOM.
   652 | D:1      | 652 ||| DRINKING 3 bubbling coppery potions.
   652 | D:1      | Gained mutation: You are vulnerable to heat. (rF-) [potion
                  | of mutation]
   652 | D:1      | Gained mutation: Your body sometimes deteriorates upon
                  | taking damage. [potion of mutation]
   653 | D:1      | 653 ||| DRINKING 2 potions of mutation.
   653 | D:1      | Lost mutation: Your body sometimes deteriorates upon taking
                  | damage. [potion of mutation]
   653 | D:1      | Lost mutation: You are vulnerable to heat. (rF-) [potion of
                  | mutation]
   653 | D:1      | Gained mutation: Your natural rate of healing is unusually
                  | fast. [potion of mutation]
   654 | D:1      | 654 ||| DRINKING 2 fuming purple potions.
   655 | D:1      | 655 ||| READING 2 scrolls of identify.
   655 | D:1      | 655 ||| IDENTIFYING amethyst potion
   656 | D:1      | 656 ||| DROPPING scroll of butterflies.
   657 | D:1      | 657 ||| DROPPING potion of attraction.
   818 | D:2      | Reached skill level 7 in Ranged Weapons
   874 | D:2      | Found a hazy altar of Hepliaklqana.
   935 | D:2      | Found Qup Afo's Antique Armour Boutique.
   948 | D:2      | 948 ||| SHOPLISTING heavily runed helmet (209 gold, have
                  | 57).
   948 | D:2      | 948 ||| SHOPLISTING ring mail (88 gold, have 57).
  1036 | D:2      | Reached XP level 4. HP: 17/25 MP: 6/6
  1217 | D:2      | 1217 ||| UPGRADING to +0 pair of boots.
  1222 | D:2      | 1222 ||| READING scroll labelled NETAKHL YSOI.
  1225 | D:2      | 1225 ||| READING scroll labelled TAQAYFEYCA.
  1226 | D:2      | 1226 ||| READING 2 scrolls of identify.
  1226 | D:2      | 1226 ||| IDENTIFYING puce potion
  1466 | D:3      | Found a blossoming altar of Fedhas.
  1619 | D:3      | Reached skill level 8 in Ranged Weapons
  2150 | D:3      | 2150 ||| UPGRADING to amulet of guardian spirit.
  2155 | D:3      | 2155 ||| UPGRADING to ring of positive energy.
  2156 | D:3      | 2156 ||| READING scroll labelled FINGATZ ODWEN.
  2157 | D:3      | 2157 ||| READING scroll labelled QUPTET ZIARPHA.
  2166 | D:4      | 2166 ||| PLANNING OSSUARY
  2169 | D:4      | Reached XP level 5. HP: 29/29 MP: 7/7
  2208 | D:4      | Noticed Eustachio
  2218 | D:4      | Reached skill level 9 in Ranged Weapons
  2221 | D:4      | HP: 3/29 [Eustachio/+0 falchion (6)]
  2223 | D:4      | Slain by Eustachio

Levels and vault maps discovered:
D:1:      kennysheep_arrival_seaside, layout_rooms,
          shapermc_ecumenical_altar_petra, hangedman_decor_growths
D:2:      layout_loops_ring, basic_altar, serial_shops,
          nicolae_shop_hallway_plus
D:3:      kennysheep_six_static_rooms, layout_basic, lemuel_round_altar
D:4:      layout_loops_cross, lightli_ossuary_entry_decrepit_ruins,
          grunt_ministairs_13, dk_noncrumbling_3, minmay_goblin_outpost,
          uniq_menkaure, uniq_eustachio

Skill      XL: |  1  2  3  4  5 |
---------------+----------------+-----
Ranged Weapons | 6 7 8 9 |  9.1
Fighting       | |  1.5
Dodging        | |  2.4
Stealth        | |  1.2

Action                     |  1- 3 |  4- 6 || total
---------------------------+-------+-------++-------
   Fire: Shortbow          |   132 |   102 ||   234
    Use: Potion            |     3 |       ||     3
         Scroll            |     2 |     5 ||     7
 Armour: Leather armour    |    10 |    14 ||    24
  Dodge: Dodged            |    23 |    21 ||    44

Table legend:
 A = Non-vault XP
 B = Vault XP
 C = Vault XP percentage of total XP
 D = Non-vault monster count
 E = Vault monster count
 F = Vault count percentage of total count
                 A         B        C        D         E       F
            +---------+---------+-------+---------+---------+-------
      Total |     278 |      27 |   8.9 |      78 |       8 |   9.3
            +---------+---------+-------+---------+---------+-------
        D:1 |      50 |       0 |   0.0 |      33 |       0 |   0.0
        D:2 |      51 |       0 |   0.0 |      20 |       0 |   0.0
        D:3 |      67 |      23 |  25.6 |      20 |       6 |  23.1
        D:4 |     110 |       4 |   3.5 |       5 |       2 |  28.6
            +---------+---------+-------+---------+---------+-------
